 Dungeon Crawl Stone Soup version 0.31.0-11-ge490571c62 (webtiles) character file.

Game seed: 7733353128320984576

10 Flugkiller the Chiller (level 2, -4/13 HPs)
             Began as a Vine Stalker Ice Elementalist on Feb 3, 2024.
             Slain by a black bear (6 damage)
             ... on level 4 of the Dungeon.
             The game lasted 00:01:11 (309 turns).

Flugkiller the Chiller (VSIE)                        Turns: 309, Time: 00:01:12

Health: -4/13      AC:  3    Str: 10    XL:     2   Next: 20%
Magic:  0/6        EV: 12    Int: 15    God:
Gold:   0          SH:  0    Dex: 14    Spells: 5/6 levels left

rFire   . . .        f - +0 quarterstaff
rCold   . . .        (shield currently unavailable)
rNeg    . . .        a - +0 robe
rPois   +            (no helmet)
rElec   .            (no cloak)
rCorr   .            g - +0 pair of gloves
SInv    .            (no boots)
Will    .....        (no amulet)
Stlth   ++           o - ring of poison resistance
HPRegen 1.02/turn    (no ring)
MPRegen 0.10/turn

%: guardian spirit
@: no status effects
A: fangs 2, regeneration 1, magic shield, antimagic bite, no potion heal 2
a: no special abilities


You were on level 4 of the Dungeon.
You visited 1 branch of the dungeon, and saw 4 of its levels.

Inventory:

Hand Weapons
 c - a +0 short sword
   (You took it off a kobold on level 3 of the Dungeon)
 f - a +0 quarterstaff (weapon)
   (You found it on level 4 of the Dungeon)
Armour
 a - a +0 robe (worn)
 g - a +0 pair of gloves (worn)
   (You found it on level 4 of the Dungeon)
Jewellery
 o - a ring of poison resistance (left hand)
   (You found it on level 3 of the Dungeon)
Scrolls
 d - a scroll of revelation {unknown}


   Skills:
 - Level 1.5 Dodging
 - Level 2.4 Stealth
 + Level 2.6 Spellcasting
 + Level 4.2 Ice Magic


You had 5 spell levels left.
You knew the following spells:

 Your Spells              Type           Power      Damage    Failure   Level
a - Freeze                Ice            56%        1d7       3%          1

Your spell library contained the following spells:

 Spells                   Type           Power      Damage    Failure   Level
 Frozen Ramparts          Ice            28%        1d5       11%         3
 Ozocubu's Armour         Ice            14%        N/A       11%         3
 Summon Ice Beast         Ice/Summ       8%         N/A       26%         3


Dungeon Overview and Level Annotations

Branches:
Dungeon (4/15) Zot: 23689
 Temple: D:4-7

Altars:


Innate Abilities, Weirdness & Mutations

You have extremely sharp teeth.
Your natural rate of healing is unusually fast.
When hurt, damage is shared between your health and your magic reserves.
Your bite disrupts and absorbs the magic of your enemies.
Potions cannot restore your health.


Message History

A black bear comes into view.
The black bear growls angrily.
Okay, then.
The black bear attacks as it pursues you!
The black bear bites you!
The black bear claws you but does no damage. x2
Found 2 stones.
The black bear attacks as it pursues you!
The black bear barely misses you. The black bear misses you.
The black bear closely misses you.
The black bear attacks as it pursues you!
The black bear barely misses you. The black bear claws you.
The black bear closely misses you.
It was a potion of cancellation.
You feel magically purged. The black bear barely misses you.
The black bear claws you but does no damage.
The black bear barely misses you. Magic courses through your body.
The black bear closely misses you. The black bear barely misses you.
The black bear claws you.
Casting: Freeze (safe; 3% risk of failure)
Confirm with . or Enter, or press ? or * to list all spells.
Aiming: Freeze (safe; 3% risk of failure)
Press: ? - help, Shift-Dir - straight line, f - black bear
Aim: a black bear You freeze the black bear.
The black bear is lightly wounded.
The black bear closely misses you. The black bear barely misses you.
The black bear claws you but does no damage.
Casting: Freeze (safe; 3% risk of failure)
Confirm with . or Enter, or press ? or * to list all spells.
Aiming: Freeze (safe; 3% risk of failure)
Press: ? - help, Shift-Dir - straight line, f/p - black bear
Aim: a black bear (lightly wounded)
You freeze the black bear.
The black bear is lightly wounded.
The black bear bites you. The black bear claws you. x2
Casting: Freeze (safe; 3% risk of failure)
Confirm with . or Enter, or press ? or * to list all spells.
Aiming: Freeze (safe; 3% risk of failure)
Press: ? - help, Shift-Dir - straight line, f/p - black bear
Aim: a black bear (lightly wounded)
You freeze the black bear.
The black bear is lightly wounded.
The black bear closely misses you. The black bear claws you.
The black bear claws you but does no damage.
Casting: Freeze (safe; 3% risk of failure)
Confirm with . or Enter, or press ? or * to list all spells.
You don't have enough magic to cast this spell.
There is a stone staircase leading down here.
You hit the black bear but do no damage.
The black bear is lightly wounded.
The black bear bites you. The black bear closely misses you.
The black bear misses you.
You hit the black bear.
The black bear is moderately wounded.
The black bear barely misses you.
The black bear claws you but does no damage.
The black bear claws you.
You closely miss the black bear. You bite the black bear. You drain its power.
You feel invigorated.
The black bear is moderately wounded.
The black bear bites you.
The black bear claws you but does no damage. x2
The black bear barely misses you.
The black bear claws you but does no damage.
The black bear barely misses you.
Casting: Freeze (safe; 3% risk of failure)
Confirm with . or Enter, or press ? or * to list all spells.
Aiming: Freeze (safe; 3% risk of failure)
Press: ? - help, Shift-Dir - straight line, f/p - black bear
Aim: a black bear (moderately wounded)
You freeze the black bear!
The black bear is severely wounded.
The black bear bites you. The black bear misses you.
The black bear barely misses you.
Casting: Freeze (safe; 3% risk of failure)
Confirm with . or Enter, or press ? or * to list all spells.
Aiming: Freeze (safe; 3% risk of failure)
Press: ? - help, Shift-Dir - straight line, f/p - black bear
Aim: a black bear (severely wounded)
You freeze the black bear!
The black bear is almost dead.
The black bear goes berserk!
You closely miss the black bear.
The hobgoblin shouts!
You bite the black bear, but do no damage.
The black bear is almost dead.
The black bear closely misses you.
The black bear claws you but does no damage.
The black bear closely misses you. The black bear bites you.
* * * LOW HITPOINT WARNING * * *
The black bear closely misses you. The black bear claws you.
* * * LOW HITPOINT WARNING * * *
Casting: Freeze (safe; 3% risk of failure)
Confirm with . or Enter, or press ? or * to list all spells.
You don't have enough magic to cast this spell.
You closely miss the black bear.
The black bear is almost dead.
The black bear bites you.
You die...

## #.# ...#
....# .....# ##
......#####...##
##
........@.......
..
....###h#.#...##
#. ..(.....#.#
## #.
..#####.#.# #.#
##.#.######
######.#
##..........
........
#.g.#.......
.......<
#...########
#####...
######...#######
#...


You could see a black bear (berserk) and a hobgoblin.

Vanquished Creatures
  2 ball pythons (D:3)
  A bat (D:2)
  A giant cockroach (D:4)
  A hobgoblin (D:2)
  3 kobolds
8 creatures vanquished.

Notes
Turn   | Place    | Note
-------+----------+-------------------------------------------
     0 | D:1      | Flugkiller the Vine Stalker Ice Elementalist began the
                  | quest for the Orb.
     0 | D:1      | Reached XP level 1. HP: 9/9 MP: 4/4
   206 | D:3      | Reached XP level 2. HP: 13/13 MP: 3/6
   213 | D:3      | Noticed a scorpion
   292 | D:4      | Noticed a black bear
   309 | D:4      | Slain by a black bear

Illustrated notes

Levels and vault maps discovered:
D:1:      psy_arrival_fountain, layout_loops_ring
D:2:      layout_loops_ring, hellmonk_ecumenical_altar_crossroads
D:3:      layout_basic, chequers_temple_overflow_statue_of_worship, uniq_sigmund
D:4:      layout_loops_ring, nicolae_yredelemnul_corpse_copse, serial_shops,
          nicolae_shop_tiny_waterfront, uniq_grinder

Action                     || total
---------------------------++-------
  Melee: Unarmed           ||     8
         Short sword       ||    19
         Bite              ||    10
         Quarterstaff      ||     5
   Cast: Freeze            ||    12
    Use: Potion            ||     2
   Stab: Sleeping          ||     1
 Armour: Robe              ||    42
  Dodge: Dodged            ||    44
